 Dungeon Crawl Stone Soup version 0.31-a0-1074-g0b22e4e0f1 (webtiles) character file.

Game seed: 4559889476011656878

5489 hikkokomori the Geomancer (level 10, -6/64 HPs)
             Began as a Gargoyle Earth Elementalist on Dec 5, 2023.
             Was an Initiate of Gozag.
             Killed from afar by a steam dragon (24 damage)
             ... with a ball of steam
             ... on level 9 of the Dungeon on Dec 7, 2023.
             The game lasted 00:30:36 (10068 turns).

hikkokomori the Geomancer (GrEE)                   Turns: 10068, Time: 00:30:36

Health: -6/64      AC: 11    Str: 12    XL:     10   Next: 69%
Magic:  18/18      EV: 12    Int: 26    God:    Gozag
Gold:   997        SH:  0    Dex: 10    Spells: 2/19 levels left

rFire   . . .        e - +7 Throatcutter {drain, coup de grace}
rCold   . . .        (no shield)
rNeg    + . .        a - +0 robe
rPois   ∞            m - +0 helmet
rElec   +            p - +0 cloak
rCorr   .            (no gloves)
SInv    +            (no boots)
Will    .....        l - amulet of magic regeneration
Stlth   +++          r - ring of see invisible
HPRegen 0.30/turn    F - +6 ring of intelligence
MPRegen 0.56/turn

%: no passive effects
@: no status effects
A: sickness immunity, AC +7, negative energy resistance 1, electricity
resistance, torment resistance 1, petrification resistance
a: Renounce Religion, Potion Petition, Call Merchant, Bribe Branch


You were on level 9 of the Dungeon.
You worshipped Gozag.
Gozag was pleased with you.
You visited 1 branch of the dungeon, and saw 9 of its levels.
You also visited: Bailey.

You collected 1065 gold pieces.
You paid 68 gold pieces to Gozag.

Inventory:

Hand Weapons
 c - a +0 short sword
 e - the +7 Throatcutter (weapon) {drain, coup de grace}
   (You found it on level 6 of the Dungeon)
 s - a +0 whip of electrocution
 u - a +4 dire flail of holy wrath
 J - a +1 rapier of electrocution
Missiles
 w - 5 atropa-tipped darts
 L - a throwing net
Armour
 a - a +0 robe (worn)
 m - a +0 helmet (worn)
 p - a +0 cloak (worn)
 v - a +0 leather armour
 G - a +0 plate armour of fire resistance
Jewellery
 l - an amulet of magic regeneration (around neck)
 r - a ring of see invisible (left hand)
 y - a ring of positive energy
 A - a ring of resist corrosion
 F - a +6 ring of intelligence (right hand)
Wands
 i - a wand of iceblast (30)
 x - a wand of acid (9)
 C - a wand of paralysis (13)
Scrolls
 d - 2 scrolls of fear
 g - 2 scrolls of noise
 o - 2 scrolls of immolation
 I - a scroll of enchant weapon
 K - a scroll of amnesia {unknown}
Potions
 b - a potion of magic
 h - a potion of haste
 j - 4 potions of curing
 k - 3 potions of degeneration
 n - 3 potions of attraction
 q - a potion of invisibility
 t - 3 potions of enlightenment
 z - a potion of ambrosia
 B - a potion of cancellation
 D - a potion of mutation {unknown}
 E - 2 potions of berserk rage
 H - 3 potions of lignification


   Skills:
 + Level 7.6 Fighting
 - Level 3.7 Long Blades
 - Level 2.5 Throwing
 - Level 1.8 Dodging
 + Level 6.5 Stealth
 - Level 5.3 Spellcasting
 + Level 7.0 Conjurations
 + Level 3.9 Transmutations
 - Level 8.3 Earth Magic
 + Level 1.1 Evocations


You had 2 spell levels left.
You knew the following spells:

 Your Spells              Type           Power      Damage    Failure   Level
a - Sandblast             Erth           100%       2d20      1%          1
b - Stone Arrow           Conj/Erth      92%        3d12      1%          3
c - Brom's Barrelling Bo  Conj/Erth      46%        2d6       3%          4
d - Wereblood             Tmut           27%        N/A       2%          2
e - Passwall              Tmut/Erth      31%        N/A       1%          2
f - Irradiate             Conj/Tmut      17%        3d17      22%         5

Your spell library contained the following spells:

 Spells                   Type           Power      Damage    Failure   Level
 Apportation              Tloc           12%        N/A       8%          1
 Necrotise                Necr           24%        1d5       8%          1
 Summon Small Mammal      Summ           24%        N/A       8%          1
 Dazzling Flash           Conj/Hex       50%        N/A       5%          3
 Petrify                  Tmut/Erth      38%        N/A       6%          4
 Volatile Blastmotes      Fire/Tloc      12%        2d11      22%         3
 Summon Forest            Summ/Tloc      3%         N/A       90%         5
 Summon Mana Viper        Hex/Summ       6%         N/A       90%         5
 Starburst                Conj/Fire      12%        6d5       95%         6
 Summon Cactus Giant      Summ           3%         N/A       100%        6
 Summon Hydra             Summ           3%         N/A       100%        7
 Maxwell's Capacitive Co  Air            3%         ∞         100%        8
 Sublimation of Blood     Necr           Unusable   N/A       N/A         2

Dungeon Overview and Level Annotations

Branches:
Dungeon (9/15)             Temple (0/1) D:6          Bailey (visited)
   Lair: D:8-11         Orc: D:9-12

Altars:
Cheibriados
Elyvilon
Gozag
Hepliaklqana
Makhleb
Nemelex Xobeh
Qazlal
Xom
Yredelemnul
Zin

Annotations:
D:4 1 runed translucent door, Crazy Yiuf


Innate Abilities, Weirdness & Mutations

You are immune to sickness and miasma.
Your stone body is resilient. (AC +7)
You are immune to poison.
You resist negative energy. (rN+)
You are resistant to electric shocks. (rElec)
You are resistant to unholy torment.
You are immune to petrification.


Message History

A killer bee comes into view.
Your Evocations skill increases to level 1!
Unknown command.
Unknown command.
Unknown command.
Aiming: Iceblast
Press: ? - help, Shift-Dir - straight line The mass of ice explodes!
The iceblast engulfs the killer bee!
You kill the killer bee!
The iceblast engulfs the killer bee.
You kill the killer bee!
The killer bee buzzes angrily.
A killer bee comes into view.
Your Conjurations skill increases to level 7!
Unknown command.
Unknown command.
Unknown command.
Aiming: Iceblast
Press: ? - help, Shift-Dir - straight line The mass of ice explodes!
The iceblast engulfs the killer bee!
The killer bee is almost dead.
The iceblast engulfs the killer bee!
You kill the killer bee!
The iceblast engulfs the killer bee!
The killer bee is almost dead.
You hear a shout!
The killer bee is distracted by your dazzling golden aura.
Unknown command.
Unknown command.
Unknown command.
Unknown command.
Aiming: Iceblast
Press: ? - help, Shift-Dir - straight line The mass of ice explodes!
The iceblast engulfs the killer bee!
You kill the killer bee!
The killer bee buzzes angrily.
The steam dragon breathes steam at you. The ball of steam hits you!!
You die...
Your body crumbles into a pile of gold.

#.#....#.#.....#.#..
....#.....#....#.#..#.
..........#.......#...#
...#...................
..###..................
...#...................
...............#......
..............###.....
......#####@...#......
........# #§..........
........# #§..........
#.......# #.S.........
#..C....#####D..........
#...........$$y.........
#...........h$..........
#.......................
......!§..........#####.


You could see a water moccasin and a killer bee.

Vanquished Creatures
  Pikel (D:4)
  Grinder (D:4)
  Prince Ribbit (D:6)
  A hornet (D:7)
  A steam dragon (D:8)
  Edmund (D:4)
  3 water moccasins
  An acid dragon (D:7)
  7 orc warriors
  A black bear (D:3)
  2 sky beasts
  5 ogres
  5 centaurs
  2 lemures
  2 phantoms
  A kobold brigand (D:7)
  A bullfrog (D:7)
  2 scorpions
  2 wights
  11 killer bees
  A howler monkey (D:6)
  3 hounds
  8 orc priests
  A sleepcap (D:5)
  A gnoll bouda (D:8)
  4 iguanas
  11 orc wizards
  Robin (D:3)
  8 gnolls
  6 adders
  2 shadow imps
  2 white imps
  4 ufetubi (D:6)
  2 worms
  A dart slug (D:4)
  33 orcs
  2 endoplasms
  13 goblins
  6 hobgoblins
  18 jackals
  3 quokkas
  2 ball pythons (D:4)
  5 bats
  A frilled lizard (D:2)
  25 kobolds
  4 rats
218 creatures vanquished.

Vanquished Creatures (collateral kills)
  An orc (D:5)
  2 boulders
3 creatures vanquished.

Vanquished Creatures (others)
  An orc wizard (D:7)
  An orc (D:7)
  A boulder (Bailey)
3 creatures vanquished.

Grand Total: 224 creatures vanquished

Notes
Turn   | Place    | Note
-------+----------+-------------------------------------------
     0 | D:1      | hikkokomori the Gargoyle Earth Elementalist began the quest
                  | for the Orb.
     0 | D:1      | Reached XP level 1. HP: 10/10 MP: 3/3
   150 | D:1      | Reached skill level 1 in Transmutations
   150 | D:1      | Reached XP level 2. HP: 15/15 MP: 1/5
  1108 | D:2      | Reached skill level 4 in Earth Magic
  1108 | D:2      | Reached XP level 3. HP: 20/20 MP: 0/6
  1506 | D:2      | Reached skill level 1 in Fighting
  1717 | D:2      | Reached XP level 4. HP: 25/25 MP: 3/7
  2159 | D:3      | Noticed Robin
  2161 | D:3      | Killed Robin
  2457 | D:3      | Noticed a scorpion
  2466 | D:3      | Killed a scorpion
  2467 | D:3      | Reached XP level 5. HP: 19/30 MP: 1/9
  2768 | D:3      | Noticed a black bear
  2800 | D:3      | Killed a black bear
  2801 | D:3      | Reached skill level 5 in Earth Magic
  2801 | D:3      | Reached XP level 6. HP: 24/36 MP: 4/10
  2890 | D:3      | Found a faded altar of an unknown god.
  3367 | D:4      | Noticed Grinder
  3374 | D:3      | Learned a level 3 spell: Stone Arrow
  3464 | D:4      | Noticed Pikel
  3781 | D:4      | Noticed a sky beast
  3804 | D:4      | Killed Pikel
  3805 | D:4      | Reached skill level 5 in Stealth
  3805 | D:4      | Reached skill level 6 in Earth Magic
  3805 | D:4      | Reached XP level 7. HP: 19/42 MP: 1/13
  3824 | D:4      | Reached XP level 8. HP: 28/48 MP: 2/14
  3946 | D:4      | Noticed Edmund
  3959 | D:4      | Killed Edmund
  4288 | D:4      | Learned a level 4 spell: Brom's Barrelling Boulder
  4291 | D:4      | Learned a level 2 spell: Wereblood
  4294 | D:4      | Learned a level 2 spell: Passwall
  4443 | D:4      | Killed Grinder
  4555 | D:4      | Reached skill level 1 in Throwing
  4678 | D:4      | Reached skill level 5 in Fighting
  4678 | D:4      | Reached skill level 7 in Earth Magic
  4919 | D:4      | Found a runed translucent door.
  4920 | D:4      | Noticed Crazy Yiuf
  5205 | D:4      | Reached XP level 9. HP: 54/54 MP: 6/16
  5208 | D:4      | Reached skill level 5 in Spellcasting
  5481 | D:5      | Entered Level 5 of the Dungeon
  6584 | D:6      | Found the +7 Throatcutter {drain, coup de grace}
  6610 | D:6      | Learned a level 5 spell: Irradiate
  7012 | D:6      | Found a shimmering altar of Xom.
  7012 | D:6      | Found an opulent altar of Gozag.
  7012 | D:6      | Found a white marble altar of Elyvilon.
  7012 | D:6      | Found a glowing silver altar of Zin.
  7012 | D:6      | Found a basalt altar of Yredelemnul.
  7013 | D:6      | Found a sparkling altar of Nemelex Xobeh.
  7013 | D:6      | Found a hazy altar of Hepliaklqana.
  7044 | D:6      | Became a worshipper of Gozag Ym Sagoz the Greedy
  7058 | D:6      | Found a staircase to the Ecumenical Temple.
  7160 | D:6      | Noticed Prince Ribbit
  7171 | D:6      | Killed Prince Ribbit
  7172 | D:6      | Reached skill level 1 in Long Blades
  7172 | D:6      | Reached skill level 5 in Conjurations
  7302 | D:6      | Reached skill level 8 in Earth Magic
  7803 | D:7      | Found a burning altar of Makhleb.
  7803 | D:7      | Noticed a cacodemon
  8029 | D:7      | Noticed a hornet
  8037 | D:7      | Killed a hornet
  8038 | D:7      | Reached XP level 10. HP: 45/61 MP: 10/18
  8594 | D:7      | Found a stormy altar of Qazlal.
  9118 | D:8      | Found a flagged portal.
  9125 | Bailey   | Entered a bailey
 10042 | D:9      | Found a snail-covered altar of Cheibriados.
 10057 | D:9      | Noticed a cyclops
 10066 | D:9      | Reached skill level 1 in Evocations
 10068 | D:9      | Killed from afar by a steam dragon

Illustrated notes

Levels and vault maps discovered:
D:1:      lightli_molten_gateway, layout_basic
D:2:      layout_loops_corners, minmay_goblin_kobold_house
D:3:      layout_loops_corners, basic_ecumenical_altar, uniq_robin
D:4:      layout_loops_corners, corexii_leaking_fountain,
          serial_library_hellmonk_statue_hall, uniq_crazy_yiuf_cottage,
          uniq_grinder, uniq_edmund, uniq_pikel
D:5:      layout_basic, serial_glass, glass_columns_b, glass_columns_a,
          due_unseen_surprise, feat_on_display, minmay_strange_pillars
D:6:      layout_gridville, grunt_temple_overflow_open, temple_green,
          uniq_prince_ribbit1
D:7:      layout_cave_pools, makhleb_altar_promises_db, marbit_many_paths,
          minmay_quadrilaterals
D:8:      nicolae_whirlpool, layout_basic, enter_bailey_2, st_stairs_2,
          kennysheep_doodads, nrook_loot_triangle
D:9:      layout_big_octagon, overflow_temple_1_default,
          nicolae_uskayaw_murder_on_the_dancefloor, david_lair_generic

Skill      XL: |  1  2  3  4  5  6  7  8  9 10 |
---------------+-------------------------------+-----
Transmutations | 1 2 3 |  3.9
Earth Magic    | 4 5 6 7 8 |  8.3
Fighting       | 1 2 3 4 5 6 7 |  7.6
Stealth        | 3 4 5 6 |  6.5
Spellcasting   | 3 4 5 |  5.3
Conjurations   | 2 4 5 7 |  7.0
Throwing       | 1 2 |  2.5
Long Blades    | 2 3 |  3.7
Evocations     | 1 |  1.1
Dodging        | |  1.8

Action                     |  1- 3 |  4- 6 |  7- 9 | 10-12 || total
---------------------------+-------+-------+-------+-------++-------
  Melee: Short sword       |    13 |    20 |     9 |       ||    42
         Unarmed           |     6 |       |       |       ||     6
         Whip              |       |       |    29 |       ||    29
         Punch             |       |       |     1 |       ||     1
         Long sword        |       |       |    30 |    15 ||    45
  Throw: Dart              |       |       |     4 |       ||     4
   Cast: Sandblast         |    49 |    69 |    85 |    73 ||   276
         Stone Arrow       |       |     2 |    34 |    13 ||    49
         Wereblood         |       |       |     1 |       ||     1
         Brom's Barrelling |       |       |     1 |     2 ||     3
  Evoke: Wand              |       |     3 |       |     8 ||    11
    Use: Scroll            |     1 |     1 |    10 |     8 ||    20
         Potion            |       |     1 |     4 |       ||     5
   Stab: Invisible         |       |       |     3 |       ||     3
         Sleeping          |       |       |     2 |       ||     2
 Armour: Robe              |    27 |    52 |   116 |    68 ||   263
  Dodge: Dodged            |    32 |    48 |   157 |    46 ||   283

Table legend: (Time is in decaauts)
 A = Elapsed time spent in this place.
 B = Non-inter-level travel time spent in this place.
 C = Inter-level travel time spent in this place.
 D = Time resting spent in this place.
 E = Time spent auto-exploring this place.
 F = Levels seen in this place.
 G = Mean time per level.
                   A        B        C        D        E       F      G
               +--------+--------+--------+--------+--------+-----+--------+
         Total |  10236 |   9847 |    389 |    432 |   7726 |  10 | 1023.6 |
       Dungeon |   9916 |   9527 |    389 |    432 |   7557 |   9 | 1101.8 |
        Bailey |    319 |    319 |      0 |      0 |    169 |   1 |  319.0 |
               +--------+--------+--------+--------+--------+-----+--------+

Top non-repeatable levels by time:
     D:4: 2006 daAuts
     D:3: 1415 daAuts
     D:6: 1142 daAuts
     D:2: 1137 daAuts
     D:8: 1101 daAuts
     D:5: 1077 daAuts
     D:1: 1037 daAuts
     D:7: 952 daAuts
  Bailey: 319 daAuts
     D:9: 46 daAuts
